 Dungeon Crawl Stone Soup version 0.23.1 (webtiles) character file.

Game seed: 9437434753172010575

3756 ohad the Martial Artist (level 10, -1/78 HPs)
             Began as an Octopode Transmuter on Mar 1, 2019.
             Was an Initiate of Gozag.
             Slain by a killer bee (8 damage)
             ... on level 7 of the Dungeon.
             The game lasted 00:16:22 (8173 turns).

ohad the Martial Artist (Octopode Transmuter)       Turns: 8173, Time: 00:16:23

Health: -1/78      AC:  6    Str: 10    XL:     10   Next: 15%
Magic:  6/17       EV: 12    Int: 19    God:    Gozag
Gold:   327        SH:  0    Dex: 12    Spells: 4/18 levels left

rFire    x . .     SeeInvis +     - Unarmed
rCold    + + +     Gourm    .   (shield currently unavailable)
rNeg     . . .     Faith    .   (helmet currently unavailable)
rPois    +         Spirit   .   q - amulet of the acrobat
rElec    .         Reflect  .   o - ring of see invisible
rCorr    .         Harm     .   (no ring)
MR       .....                  (no ring)
Stlth    +.........             (no ring)
HPRegen  0.23/turn              (no ring)
MPRegen  0.15/turn              (no ring)
                                (no ring)
                                (no ring)

@: lethally poisoned (-1 -> -1), ice-form
A: large, almost no armour, stealthy swim, amphibious, 8 rings, (constrict 8)
a: End Transformation, Potion Petition, Call Merchant, Bribe Branch, Renounce
Religion


You were on level 7 of the Dungeon.
You worshipped Gozag.
Gozag was aware of your devotion.
You were not hungry.
You were a creature of crystalline ice.
You visited 2 branches of the dungeon, and saw 9 of its levels.

You collected 504 gold pieces.
You spent 76 gold pieces at shops.
You paid 101 gold pieces to Gozag.

Inventory:

Hand Weapons
 e - a +2 dagger of pain
Missiles
 a - 96 arrows
 v - 8 poisoned needles
Armour
 h - a +2 buckler
Jewellery
 o - a ring of see invisible (left front paw)
 q - an amulet of the acrobat (around neck)
Wands
 p - a wand of random effects (35)
 r - a wand of iceblast (10)
Scrolls
 g - a scroll of fog {unknown}
 i - a scroll of noise {unknown}
 j - a scroll of amnesia
 m - 6 scrolls of remove curse
 n - a scroll of enchant armour
 s - 2 scrolls of blinking
Potions
 b - a potion of cancellation {unknown}
 d - a potion of curing
 k - a potion of lignification
Comestibles
 c - 12 rations


   Skills:
 - Level 4.5 Fighting
 + Level 4.7 Dodging
 - Level 10.4 Unarmed Combat
 - Level 4.9 Spellcasting
 - Level 4.4 Transmutations
 - Level 4.6 Ice Magic


You had 4 spell levels left.
You knew the following spells:

 Your Spells              Type           Power        Failure   Level  Hunger
b - Sticks to Snakes      Tmut           ###.....     3%          2    #......
c - Spider Form           Tmut/Pois      ##........   16%         3    ##.....
d - Ice Form              Ice/Tmut       ###.....     19%         4    ####...
e - Blade Hands           Tmut           ###.......   50%         5    ######.

Your spell library contained the following spells:

 Spells                   Type           Power        Failure   Level  Hunger
 Beastly Appendage        Tmut           ###...       1%          1    None
 Animate Skeleton         Necr           N/A          13%         1    None
 Apportation              Tloc           #.....       13%         1    None
 Confusing Touch          Hex            #.....       13%         1    None
 Summon Small Mammal      Summ           #...         13%         1    None


Dungeon Overview and Level Annotations

Branches:
Dungeon (8/15)             Temple (1/1) D:4
   Lair: D:8-11

Altars:
Ashenzari
Dithmenos
Elyvilon
Fedhas
Gozag
Hepliaklqana
Kikubaaqudgha
Makhleb
Nemelex Xobeh
Okawaru
Qazlal
Ru
Sif Muna
Trog
Vehumet
Wu Jian
Xom
Yredelemnul
Zin
The Shining One

Shops:
D:4 }   D:6 *

Annotations:
D:3 1 runed translucent door, SeriousVitamin's ghost, amateur DESu
D:4 1 runed translucent door


Innate Abilities, Weirdness & Mutations

You cannot wear most types of armour.
You are very stealthy in the water. (Stealth+)
You are amphibious.
You can wear up to eight rings at the same time.
((You can use your tentacles to constrict eight enemies at once.))
((Your skin changes colour to match your surroundings (Stealth+).))
((Your rubbery body absorbs attacks. (AC +1, EV +1)))


Message History

Gang up on whom?
Press: ? - help, Dir - move target cursor, f - killer bee
Aim: a killer bee (lightly wounded) Attack!
You warm up again.
Your ball python misses the killer bee. x4; The killer bee closely misses you.
Your adder barely misses the killer bee.
Your ball python bites the killer bee but does no damage.
Your ball python's attack snaps the killer bee out of its fear.
Your ball python misses the killer bee.
Casting: Sticks to Snakes (safe; 3% risk of failure)
Confirm with . or Enter, or press ? or * to list all spells.
You turn into a creature of crystalline ice.
You feel sick. The killer bee closely misses you.
Your ball python completely misses the killer bee.
Your ball python closely misses the killer bee.
Your adder closely misses the killer bee.
The killer bee stings you!
You die...
Your body crumbles into a pile of gold.

#.....# #..........#
#.
#########..(.......#
#. #..............#
##
#..............####
#......##.........#
#(.....##.........#
#.S....##.........#
#.Sy...##.........#
#.YS...##..........
#......##...##+#...
#......##...##.#...
#########...##.#...
######'#...
#........#
#........#
#........#
#####'####


You could see a killer bee, a friendly adder and 2 friendly ball pythons.

Vanquished Creatures
  Harold (D:7)
  Pikel (D:5)
  Joseph (D:7)
  Grinder (D:5)
  The ghost of Scaeme the Skirmisher, an amateur DsAK of Lugonu (D:4)
  An orc warrior (D:7)
  A sky beast (D:5)
  2 ice beasts
  An ogre (D:6)
  3 centaurs
  Blork the orc (D:5)
  5 bullfrogs
  2 crimson imps (D:7)
  A gnoll shaman (D:6)
  A bullfrog skeleton (D:4)
  5 orc priests
  7 orc wizards
  2 worker ants (D:5)
  A howler monkey zombie (D:5)
  10 gnolls (D:6)
  2 worker ant zombies
  8 adders
  3 shadow imps
  2 oozes
  2 adder zombies
  5 worms
  A dart slug (D:1)
  8 leopard geckos
  27 orcs
  6 giant cockroaches
  4 goblins
  8 hobgoblins
  6 jackals
  3 quokkas
  2 ball pythons
  8 bats
  2 frilled lizards
  6 kobolds
  2 leopard gecko zombies
  9 rats
162 creatures vanquished.

Vanquished Creatures (collateral kills)
  An adder (D:3)
1 creature vanquished.

Grand Total: 163 creatures vanquished

Notes
Turn   | Place    | Note
-------+----------+-------------------------------------------
     0 | D:1      | ohad the Octopode Transmuter began the quest for the Orb.
     0 | D:1      | Reached XP level 1. HP: 13/13 MP: 3/3
   197 | D:1      | Reached XP level 2. HP: 16/18 MP: 3/5
   588 | D:1      | Learned a level 2 spell: Sticks to Snakes
   774 | D:2      | Reached XP level 3. HP: 15/23 MP: 4/6
   793 | D:2      | Learned a level 3 spell: Spider Form
  1867 | D:2      | Reached XP level 4. HP: 28/28 MP: 5/7
  1888 | D:2      | Found an iron altar of Okawaru.
  2144 | D:3      | Found a basalt altar of Yredelemnul.
  2158 | D:3      | Found a runed translucent door.
  2158 | D:3      | Noticed SeriousVitamin's ghost (amateur DESu)
  2370 | D:3      | Found a blossoming altar of Fedhas.
  2475 | D:3      | Noticed a bullfrog
  2489 | D:3      | Killed a bullfrog
  2489 | D:3      | Reached XP level 5. HP: 24/33 MP: 5/10
  2518 | D:3      | Learned a level 4 spell: Ice Form
  2572 | D:3      | Reached skill level 1 in Ice Magic
  2916 | D:4      | Reached XP level 6. HP: 29/38 MP: 5/11
  3016 | D:4      | Found a runed translucent door.
  3021 | D:4      | Noticed Scaeme's ghost (amateur DsAK)
  3055 | D:4      | Killed Scaeme's ghost
  3055 | D:4      | Reached XP level 7. HP: 23/43 MP: 5/12
  3070 | D:4      | Found a runed translucent door.
  3524 | D:4      | Found a shadowy altar of Dithmenos.
  3892 | D:4      | Found a staircase to the Ecumenical Temple.
  3901 | Temple   | Entered the Ecumenical Temple
  4167 | D:4      | Found a blossoming altar of Fedhas.
  4167 | D:4      | Found an ancient bone altar of Kikubaaqudgha.
  4261 | D:4      | Found Cud Yjah's Gadget Emporium.
  4534 | D:5      | Entered Level 5 of the Dungeon
  4534 | D:5      | Noticed Blork the orc
  4779 | D:5      | Noticed Pikel
  4799 | D:5      | Killed Pikel
  4799 | D:5      | Reached skill level 6 in Unarmed Combat
  4799 | D:5      | Reached XP level 8. HP: 18/48 MP: 12/14
  5037 | D:5      | Noticed Grinder
  5050 | D:5      | Killed Grinder
  5050 | D:5      | Reached skill level 7 in Unarmed Combat
  5278 | D:5      | Killed Blork the orc
  5278 | D:5      | Reached skill level 8 in Unarmed Combat
  5590 | D:5      | Reached XP level 9. HP: 57/57 MP: 15/15
  6220 | D:6      | Found Bozuatz's Assorted Antiques.
  6226 | D:6      | Bought a scroll of identify for 38 gold pieces
  6226 | D:6      | Bought a scroll labeled OMNURI TECRIY for 19 gold pieces
  6226 | D:6      | Bought a scroll labeled DAGOJYCU RAAMIT for 19 gold pieces
  6959 | D:7      | Found a shadowy altar of Dithmenos.
  6976 | D:7      | Found a bloodstained altar of Trog.
  6976 | D:7      | Found an opulent altar of Gozag.
  6976 | D:7      | Found a sparkling altar of Nemelex Xobeh.
  6976 | D:7      | Found a burning altar of Makhleb.
  6978 | D:7      | Found a shattered altar of Ashenzari.
  6979 | D:7      | Found a glowing golden altar of the Shining One.
  6997 | D:7      | Became a worshipper of Gozag Ym Sagoz the Greedy
  7461 | D:7      | Noticed Harold
  7464 | D:7      | Reached skill level 9 in Unarmed Combat
  7476 | D:7      | Killed Harold
  7476 | D:7      | Reached skill level 10 in Unarmed Combat
  7476 | D:7      | Reached XP level 10. HP: 65/65 MP: 13/16
  7520 | D:7      | Learned a level 5 spell: Blade Hands
  7587 | D:7      | Noticed Joseph
  7608 | D:7      | Killed Joseph
  8173 | D:7      | Slain by a killer bee

Skill      XL: |  1  2  3  4  5  6  7  8  9 |
---------------+----------------------------+-----
Transmutations | 3 4 |  4.4
Spellcasting   | 3 4 |  4.9
Ice Magic      | 2 4 |  4.6
Unarmed Combat | 6 8 10 | 10.4
Fighting       | 3 4 |  4.5
Dodging        | 4 |  4.7

Action                   |  1- 3 |  4- 6 |  7- 9 | 10-12 || total
-------------------------+-------+-------+-------+-------++-------
Melee: Unarmed           |    75 |    91 |   267 |    20 ||   453
       Constrict         |    23 |    15 |    22 |     2 ||    62
       Tentacles         |    15 |     3 |    10 |     1 ||    29
       Kick              |    18 |    13 |     3 |       ||    34
       Punch             |     1 |       |     5 |       ||     6
 Cast: Beastly Appendage |    17 |    12 |     3 |       ||    32
       Spider Form       |     1 |     4 |     8 |       ||    13
       Sticks to Snakes  |     1 |     5 |     4 |     4 ||    14
       Ice Form          |       |     2 |    18 |     3 ||    23
Invok: Potion Petition   |       |       |     1 |       ||     1
  Use: Scroll            |       |     2 |     3 |     6 ||    11
       Potion            |       |     1 |     1 |     1 ||     3
 Stab: Sleeping          |     2 |     3 |     5 |     1 ||    11
       Distracted        |       |       |       |     1 ||     1
  Eat: Chunk             |     3 |     5 |    19 |       ||    27
       Ration            |       |       |       |     1 ||     1
Armor: Skin              |     4 |    11 |    20 |     1 ||    36
Dodge: Dodged            |    38 |    38 |   168 |    33 ||   277
